 Dungeon Crawl Stone Soup version 0.27.1-1-g398f81649c (webtiles) character file.

Game seed: 712310197852174989

119 pokedragonboy the Changer (level 5, 0/37 (39) HPs)
             Began as a Merfolk Transmuter on Sept 15, 2021.
             Slain by a wight (16 damage)
             ... on level 2 of the Dungeon.
             The game lasted 00:05:15 (3387 turns).

pokedragonboy the Changer (Merfolk Transmuter)      Turns: 3387, Time: 00:05:15

HP:   0/37 (39)     AC:  3    Str: 10 (11) XL:     5   Next: 3%
MP:   9/9           EV: 12    Int: 12 (13) God:
Gold: 100           SH:  0    Dex: 11 (14) Spells: 6/9 levels left

rFire    . . .     SeeInvis .   f - +0 spear
rCold    . . .     Faith    .   (no shield)
rNeg     . . .     Spirit   .   a - +0 robe
rPois    .         Reflect  .   l - +0 helmet
rElec    .         Harm     .   (no cloak)
rCorr    .         Rampage  .   (no gloves)
Will     .....                  (no boots)
Stlth    +.........             (no amulet)
HPRegen  0.12/turn              i - ring of flight
MPRegen  0.11/turn              (no ring)

@: flying, drained
A: (nimble swimmer 2), mertail
a: no special abilities


You were on level 2 of the Dungeon.
You visited 1 branch of the dungeon, and saw 3 of its levels.

You collected 100 gold pieces.

Inventory:

Hand Weapons
 f - a +0 spear (weapon)
 k - a +2 dagger of protection
Armour
 a - a +0 robe (worn)
 l - a +0 helmet (worn)
Jewellery
 i - a ring of flight (left hand)
Scrolls
 e - a scroll of identify {unknown}
 g - a scroll of enchant armour {unknown}
 h - a scroll of teleportation {unknown}
 j - 2 scrolls of fog {unknown}
 m - a scroll of torment {unknown}
Potions
 d - a potion of ambrosia {unknown}


   Skills:
 + Level 2.3 Fighting
 - Level 2.6 Dodging
 + Level 4.0 Unarmed Combat
 + Level 2.7 Spellcasting
 * Level 4.6 Transmutations


You had 6 spell levels left.
You knew the following spells:

 Your Spells              Type           Power      Damage    Failure   Level
a - Beastly Appendage     Tmut           24%        N/A       3%          1
b - Wereblood             Tmut           12%        N/A       5%          2

Your spell library contained the following spells:

 Spells                   Type           Power      Damage    Failure   Level
 Spider Form              Tmut/Pois      3%         N/A       28%         3
 Ice Form                 Ice/Tmut       7%         N/A       67%         4


Dungeon Overview and Level Annotations

Branches:
Dungeon (3/15)

Altars:


Innate Abilities, Weirdness & Mutations

((You are quick and stealthy near water. (Stealth+, EV+, Speed+++)))
Your lower body shifts to a powerful aquatic tail in water.


Message History

You kill the frilled lizard!
You feel a strong urge to attack something.
You feel your anger nearly subside.
You are no longer berserk.
You are exhausted.
You feel yourself slow down.
You start resting.
You feel yourself speed up.
You start resting.
You recover from your berserk rage.
You start resting.
HP restored.
A wight comes into view. It is wielding a +0 great sword.
Found 20 bolts.
Sorry, you're not good enough to have a special ability.
Okay, then.
Okay, then.
Casting: Beastly Appendage (safe; 3% risk of failure)
Confirm with . or Enter, or press ? or * to list all spells.
You grow a pair of large bovine horns.
Your +0 helmet melds into your body.
Your transformation is almost over.
The wight barely misses you.
Your horns disappear.
Your +0 helmet unmelds from your body.
There is a stone staircase leading down here.
There is a stone staircase leading up here.
The wight barely misses you.
You fly upwards.
There is a stone staircase leading down here.
You hit the wight but do no damage.
The wight hits you with a +0 great sword.
You feel drained.
You hit the wight but do no damage.
The wight hits you with a +0 great sword!
You feel drained.
You hit the wight but do no damage.
The wight hits you with a +0 great sword!
You hit the wight but do no damage. The wight closely misses you.
You closely miss the wight.
The wight hits you with a +0 great sword!
You die...

#.# #.# ### #.# ###.( #.#
#.... #.###########..##
#..............#
#.######.......#
##......####....#
##@.#.##.####.####
#z..#(...##...####
#....).#....###..#
#...##.#.######..#
##..........##...#
#........##......##
#######........####....#.
#.............####.......
#.######......(....[.....


You could see a wight.

Vanquished Creatures
  An orc priest (D:3)
  3 adders
  2 worms (D:2)
  3 dart slugs (D:1)
  4 orcs (D:3)
  4 ball pythons
  3 bats (D:2)
  An endoplasm (D:2)
  3 giant cockroaches (D:2)
  7 goblins
  3 hobgoblins
  A quokka (D:3)
  3 frilled lizards
  6 kobolds
  6 rats
50 creatures vanquished.

Notes
Turn   | Place    | Note
-------+----------+-------------------------------------------
     0 | D:1      | pokedragonboy the Merfolk Transmuter began the quest for
                  | the Orb.
     0 | D:1      | Reached XP level 1. HP: 15/15 MP: 3/3
   125 | D:1      | Reached XP level 2. HP: 17/21 MP: 5/5
   132 | D:1      | Learned a level 2 spell: Wereblood
  1222 | D:1      | Found a faded altar of an unknown god.
  1375 | D:2      | Reached XP level 3. HP: 9/26 MP: 4/6
  2223 | D:2      | Reached XP level 4. HP: 14/33 MP: 4/7
  3057 | D:3      | Reached XP level 5. HP: 4/39 MP: 9/9
  3387 | D:2      | Slain by a wight

Illustrated notes

Levels and vault maps discovered:
D:1:      minmay_arrival_arboretum_small, layout_loops_ring,
          dilly_ecumenical_altar_fadedgnrine, minmay_crystal_room, minivault_24
D:2:      layout_rooms, serial_curves, eino_curves_02, eino_curves_04,
          eino_curves_01, eino_curves_01, st_stairs_11, minmay_domino_4
D:3:      layout_rooms, serial_undead, serial_undead_e, serial_undead_e,
          serial_undead_b, serial_undead_a, grunt_decor_resistance, uniq_terence

Skill      XL: |  1  2  3  4 |
---------------+-------------+-----
Transmutations | 3 4 |  4.6
Fighting       | 2 |  2.3
Unarmed Combat | 4 |  4.0
Dodging        | |  2.6
Spellcasting   | |  2.7

Action                   |  1- 3 |  4- 6 || total
-------------------------+-------+-------++-------
Melee: Unarmed           |    64 |       ||    64
       Headbutt          |    13 |     9 ||    22
       Punch             |     3 |       ||     3
       Spear             |    77 |    61 ||   138
 Cast: Beastly Appendage |    27 |     7 ||    34
       Wereblood         |     2 |     1 ||     3
  Use: Potion            |       |     2 ||     2
Armor: Robe              |    17 |     3 ||    20
Dodge: Dodged            |    84 |    40 ||   124
